 Dungeon Crawl Stone Soup version 5.5-137-g0bb1fb2 (webtiles) character file.

2 abdallah the Insei (level 7, -1/43 HPs) *CASUAL*
             Began as an Octopode Transmuter on June 17, 2018.
             Slain by an orc priest
             ... wielding a +0 flail
              (13 damage)
             ... on level 4 of the Dungeon.
             The game lasted 00:09:13 (3352 turns).

abdallah the Insei (Octopode Transmuter)            Turns: 3352, Time: 00:09:14

Health: -1/43      AC:  1 (0%)Str:  9   XL:     7   Next: 86%
Magic:  12/12      EV: 13    Int: 17    God:
Gold:   179        SH:  0    Dex: 13    Spells: 12/13 levels left

rFire    + . .     SeeInvis .     - Unarmed
rCold    . . .     Faith    .   (no shield)
rNeg     . . .     Spirit   .   (helmet restricted)
rPois    .         Reflect  .   (no amulet)
rElec    .                      (no ring)
rCorr    .                      (no ring)
MR       .....                  (no ring)
Stlth    ++++++....             (no ring)
Regen    0.2/turn               (no ring)
MPRegen  0.2/turn               (no ring)
                                (no ring)
                                (no ring)

@: no status effects
A: almost no armour, stealthy swim, amphibious, 8 rings, constrict 8,
camouflage, fire resistance 1, gelatinous body 1
a: no special abilities


You were on level 4 of the Dungeon.
You were not hungry.

You visited 1 branch of the dungeon, and saw 4 of its levels.

You collected 179 gold pieces.

Inventory:

Missiles
 a - 96 arrows
 c - 95 javelins (quivered)
 k - 85 poisoned darts
Armour
 l - a +0 shield
Jewellery
 n - an uncursed amulet of destruction
Scrolls
 b - 3 scrolls of fear
 e - 2 scrolls of teleportation
 f - a scroll of magic mapping
 h - a scroll of enchant armour
 i - 2 scrolls of blinking
 j - a scroll of amnesia
Potions
 d - a potion of cancellation
 g - 3 potions of flight
 m - a potion of ambrosia


   Skills:
 - Level 1.0 Fighting
 - Level 2.0 Dodging
 - Level 5.0 Stealth
 + Level 2.8 Shields
 * Level 7.6 Unarmed Combat
 - Level 3.0 Transmutations
 - Level 0.2 Invocations


You had 12 spell levels left.
You knew the following spells:

 Your Spells              Type           Power        Failure   Level  Hunger
a - Beastly Appendage     Tmut           10 (50)      7%          1    N/A

Your spell library contained the following spells:

 Spells                   Type           Power        Failure   Level  Hunger
 Spider Form              Tmut           10 (200)     21%         3    N/A
 Blade Hands              Tmut           10 (200)     88%         5    N/A
 Ice Form                 Ice/Tmut       5 (100)      77%         4    N/A
 Passwall                 Tmut/Erth      5 (200)      19%         2    N/A

Dungeon Overview and Level Annotations

Branches:
Dungeon (4/15)

Altars:
Gozag
Wu Jian


Innate Abilities, Weirdness & Mutations

You cannot wear most types of armour.
You are very stealthy in the water.
You are amphibious.
You can wear up to eight rings at the same time.
You can use your tentacles to constrict eight enemies at once.
Your skin blends seamlessly with your surroundings (Stealth+++).
Your rubbery body absorbs attacks. (AC +1, EV +1)
Your flesh is heat resistant. (rF+)


Message History

The orc misses you.
The orc struggles to escape constriction.
You bludgeon the orc (7)!
You kill the orc!
You constrict the orc (1). x2
You kill the orc!
The orc hits you with a +0 hand axe (1).
* * * LOW HITPOINT WARNING * * *
You tentacle-slap the orc priest (4). You grab the orc priest (0).
Your tentacle-slap misses the orc priest.
The orc priest is moderately wounded.
You constrict the orc priest, but do no damage.
You constrict the orc (2).
You kill the orc!
The orc priest misses you.
You tentacle-slap the orc priest (4). You squeeze the orc priest (7)!
The orc priest is almost dead.
You constrict the orc priest, but do no damage.
The orc priest hits you with a +0 flail (13)!
You die...

#.. # .. ... # ..
.##. # .## # #.#
..# ### # #.# ..
..#.. #.#
#...##...### # #.#
#.....)..### # #.#
#@o....# #
#.#########
#)##.#.# #
#.#[..#...####.#
#............).#
#...........#### .
#...........#######
.
#..................
#
#..........########
###.#####
#.#...#...##
#........


You could see an orc priest.

Vanquished Creatures
  A scorpion (D:4)
  A gnoll shaman (D:4)
  An orc priest (D:4)
  Jessica (D:3)
  2 worker ants (D:3)
  Samantha (D:2)
  8 gnolls (D:4)
  2 adders (D:3)
  An ooze (D:1)
  A dart slug (D:3)
  5 orcs
  5 quokkas
  A ball python (D:1)
  6 giant cockroaches
  13 goblins
  14 hobgoblins
  6 jackals
  8 bats
  3 frilled lizards
  7 kobolds
  9 rats
96 creatures vanquished.

Notes
Turn   | Place    | Note
-------+----------+-------------------------------------------
     0 | D:1      | abdallah the Octopode Transmuter began the quest for the Orb.
     0 | D:1      | Reached XP level 1. HP: 13/13 MP: 2/2
    56 | D:1      | Reached skill level 1 in Stealth
    56 | D:1      | Reached XP level 2. HP: 18/18 MP: 4/4
   104 | D:1      | Reached XP level 3. HP: 16/23 MP: 5/5
   124 | D:1      | Reached skill level 4 in Unarmed Combat
   551 | D:1      | Reached XP level 4. HP: 28/28 MP: 7/7
   913 | D:2      | Found an ornate altar of the Wu Jian Council.
   947 | D:2      | Noticed Samantha
   959 | D:2      | Killed Samantha
   960 | D:2      | HP: 1/28 [hobgoblin/+0 dagger[Samantha] (1)]
   978 | D:2      | Reached XP level 5. HP: 3/33 MP: 8/8
  1258 | D:2      | Reached skill level 5 in Unarmed Combat
  1321 | D:2      | Found a faded altar of an unknown god.
  1424 | D:2      | Found an opulent altar of Gozag.
  1821 | D:2      | Gained mutation: Your flesh is heat resistant. (rF+) [mutagenic hatch]
  1911 | D:3      | HP: 1/33 [poisoned by a worker ant]
  1915 | D:3      | Reached XP level 6. HP: 28/38 MP: 10/10
  2141 | D:3      | Noticed Jessica
  2154 | D:3      | Killed Jessica
  2154 | D:3      | Reached skill level 5 in Stealth
  2172 | D:3      | Reached skill level 6 in Unarmed Combat
  2786 | D:4      | Reached skill level 1 in Shields
  2792 | D:4      | Reached XP level 7. HP: 24/43 MP: 12/12
  3080 | D:4      | Reached skill level 7 in Unarmed Combat
  3352 | D:4      | Slain by an orc priest

Skill      XL: |  1  2  3  4  5  6  7 |
---------------+----------------------+-----
Stealth        | 1 2 3 4 5 |  5.0
Unarmed Combat | 4 5 6 7 |  7.6
Shields        | 1 2 |  2.8
Fighting       | |  1.0
Dodging        | |  2.0
Transmutations | |  3.0
Invocations    | |  0.2

Action                   |  1- 3 |  4- 6 |  7- 9 || total
-------------------------+-------+-------+-------++-------
Melee: Unarmed           |    44 |   123 |    41 ||   208
       Constrict         |    11 |    33 |    11 ||    55
       Tentacles         |     6 |    17 |     6 ||    29
       Punch             |     2 |     7 |     2 ||    11
  Use: Potion            |       |     1 |       ||     1
 Stab: Sleeping          |     9 |    27 |     2 ||    38
       Distracted        |       |     1 |     1 ||     2
Armor: Skin              |     3 |     5 |       ||     8
Dodge: Dodged            |    21 |    38 |    23 ||    82
